 Dungeon Crawl Stone Soup version 0.18-a0-1160-geb89fc2 (webtiles) character file.

205 poirepourri the Firebug (level 5, -3/28 HPs)
             Began as a Deep Elf Fire Elementalist on Jan 24, 2016.
             Slain by M4edhros's ghost (5 damage)
             ... on level 4 of the Dungeon.
             The game lasted 00:04:54 (2323 turns).

poirepourri the Firebug (DEFE)                      Turns: 2323, Time: 00:04:54

Health: -3/28      AC:  3    Str:  5    XL:     5   Next: 52%
Magic:  8/14       EV: 13    Int: 21    God:
Gold:   73         SH:  0    Dex: 15    Spells: 2 memorised, 10 levels left

rFire  . . .     SeeInvis .     (no weapon)
rCold  . . .     Gourm    .     a - +0 robe
rNeg   . . .     Faith    .     (no shield)
rPois  .         Spirit   .     (no helmet)
rElec  .         Dismiss  .     (no cloak)
rCorr  .         Reflect  .     h - +0 pair of gloves
SustAt .         Harm     .     (no boots)
MR     .....                    (no amulet)
Stlth  ++........               (no ring)
                                (no ring)

@: not resistant to hostile enchantments, unstealthy
A: no striking features
a: no special abilities


You were on level 4 of the Dungeon.
You were not hungry.

You visited 1 branch of the dungeon, and saw 3 of its levels.

You collected 73 gold pieces.

Inventory:

Hand Weapons
 g - a +0 vampiric short sword
Armour
 a - a +0 robe (worn)
 h - a +0 pair of gloves (worn)
Potions
 c - 2 potions of haste {unknown}
 d - 2 potions of curing {unknown}
 e - a potion of might {unknown}
Books
 b - a book of Flames

   Spells                             Type                      Level
   a - Flame Tongue                   Conjuration/Fire             1
   b - Throw Flame                    Conjuration/Fire             2
   c - Conjure Flame                  Conjuration/Fire             3
   d - Inner Flame                    Hexes/Fire                   3
   e - Sticky Flame                   Conjuration/Fire             4
   f - Fireball                       Conjuration/Fire             5
Comestibles
 k - a bread ration


   Skills:
 + Level 2.9 Dodging
 + Level 3.4 Stealth
 + Level 4.8 Spellcasting
 + Level 2.1 Conjurations
 + Level 5.1 Fire Magic


You had 10 spell levels left.
You knew the following spells:

 Your Spells              Type           Power        Failure   Level  Hunger
a - Flame Tongue          Conj/Fire      ###..        2%          1    None
b - Throw Flame           Conj/Fire      ###...       4%          2    None


Dungeon Overview and Level Annotations

Branches:
Dungeon (2/15)             Temple (0/1) D:4

Altars:
Qazlal
Trog

Annotations:
D:4 M4edhros's ghost, amateur OpAr; Menkaure


Message History

You feel a surge of unholy energy.
Unknown command.
Casting: Flame Tongue
Confirm with . or Enter, or press ? or * to list all spells.
Aiming: Throw Flame
Press: ? - help, Shift-Dir - straight line, f/p - M4edhros's ghost
Aim: M4edhros's ghost, wielding a weapon of electrocution (moderately damaged)
The puff of flame hits M4edhros's ghost.
M4edhros's ghost is moderately damaged.
M4edhros's ghost closely misses you.
Casting: Throw Flame
Confirm with . or Enter, or press ? or * to list all spells.
Aiming: Throw Flame
Press: ? - help, Shift-Dir - straight line, f/p - M4edhros's ghost
Aim: M4edhros's ghost, wielding a weapon of electrocution (moderately damaged)
The puff of flame hits M4edhros's ghost.
M4edhros's ghost is heavily damaged.
M4edhros's ghost shouts, "Very impressive.
But it won't help.
Nothing will."
M4edhros's ghost hits you.
You die...

*,***##########.# *,*
*,,,,..[........# *,*
*,***.########..# *,*
,l# *,,,,* #..# *,*
*.#**,**,* #>.# *,*
*..,,,*#M#####..###.#
*.#,***#.!..........#
*.#,* #######.#M####
,.#,* #.#@# #.#,*
#.#W#
..#,***#######.#.#
#.#,,,,......W...#
*.#****.##########
*.# *,* *.# *<* *$#
*,* *.#* *,*


You could see Menkaure and M4edhros's ghost.

Vanquished Creatures
  A necrophage (D:4)
  An ogre (D:4)
  An adder (D:2)
  3 giant geckos (D:1)
  An orc (D:4)
  A bat (D:1)
  A giant cockroach (D:4)
  2 hobgoblins (D:1)
  A ball python (D:1)
  A giant gecko skeleton (D:4)
  A giant newt (D:1)
  4 kobolds
  6 rats
24 creatures vanquished.

Vanquished Creatures (others)
  An orc warrior (D:4)
  An iguana (D:4)
  An orc (D:4)
3 creatures vanquished.

Grand Total: 27 creatures vanquished

Notes
Turn   | Place    | Note
--------------------------------------------------------------
     0 | D:1      | poirepourri the Deep Elf Fire Elementalist began the quest for the Orb.
     0 | D:1      | Reached XP level 1. HP: 10/10 MP: 6/6
   679 | D:1      | Reached XP level 2. HP: 15/15 MP: 5/8
  1308 | D:2      | Learned a level 2 spell: Throw Flame
  1315 | D:2      | Found a stormy altar of Qazlal.
  1323 | D:2      | Reached skill level 4 in Fire Magic
  1363 | D:2      | Reached XP level 3. HP: 19/19 MP: 7/9
  1381 | D:2      | You fall through a shaft for 2 floors!
  1706 | D:4      | Noticed a necrophage
  1709 | D:4      | Noticed an orc warrior
  1726 | D:4      | Killed a necrophage
  1726 | D:4      | Reached XP level 4. HP: 16/24 MP: 3/12
  1874 | D:4      | Found a bloodstained altar of Trog.
  1934 | D:4      | Noticed an ogre
  1944 | D:4      | Killed an ogre
  1944 | D:4      | Reached skill level 5 in Fire Magic
  1944 | D:4      | Reached XP level 5. HP: 5/28 MP: 7/14
  2110 | D:4      | Killed an orc warrior
  2306 | D:4      | Noticed Menkaure
  2310 | D:4      | Noticed M4edhros's ghost (amateur OpAr)
  2323 | D:4      | Slain by M4edhros's ghost

Vault maps used:
D:1:      dpeg_arrival_ternary, minivault_23, hangedman_decor_growths,
          serial_park_tiny_pond, minivault_5, hangedman_abyss_or_decor_stabs
D:2:      fedhas_altar_3, old_standard_altar, uniq_jessica
D:4:      lemuel_round_altar, xom_confusion_cloud, lemuel_crystal_altar,
          temple_doors_c, gup_sewer_entry_pipe, uniq_menkaure

Action                   |  1- 3 |  4- 6 || total
-------------------------+-------+-------++-------
Melee: Unarmed           |     1 |       ||     1
       Short sword       |     1 |       ||     1
 Cast: Flame Tongue      |    40 |     9 ||    49
       Throw Flame       |       |     5 ||     5
  Use: Scroll            |     3 |     3 ||     6
  Eat: Bread ration      |     2 |       ||     2
